 Dungeon Crawl Stone Soup version 0.30-a0-225-g04c3547f4f (webtiles) character file.

Game seed: 1252336079327758777

70 qw the Chopper (level 4, -5/28 HPs)
             Began as a Gargoyle Fighter on Oct 9, 2022.
             Slain by a gnoll
             ... wielding a +0 whip
              (6 damage)
             ... on level 3 of the Dungeon.
             The game lasted 00:00:34 (1553 turns).

qw the Chopper (Gargoyle Fighter)                   Turns: 1553, Time: 00:00:34

Health: -5/28      AC: 10    Str: 21    XL:     4   Next: 21%
Magic:  4/4        EV:  9    Int:  9    God:
Gold:   111        SH:  4    Dex:  9    Spells: 3/3 levels left

rFire   . . .      SeeInvis .    Y - +0 war axe
rCold   . . .      Faith    .    c - +0 buckler
rNeg    + + .      Spirit   .    b - +0 scale mail
rPois   inf        Reflect  .    (no helmet)
rElec   +          Harm     .    (no cloak)
rCorr   .          Rampage  .    (no gloves)
Will    .....                    (no boots)
Stlth   ..........               (no amulet)
HPRegen 0.24/turn                h - ring of positive energy
MPRegen 0.09/turn                (no ring)

@: about to teleport
A: sickness immunity, AC +3, negative energy resistance 1, electricity
resistance, torment resistance 1, petrification resistance
a: no special abilities


You were on level 3 of the Dungeon.
You visited 1 branch of the dungeon, and saw 3 of its levels.

You collected 111 gold pieces.


Innate Abilities, Weirdness & Mutations

You are immune to sickness and miasma.
Your stone body is resilient. (AC +3)
You are immune to poison.
You resist negative energy. (rN+)
You are resistant to electric shocks. (rElec)
You are resistant to unholy torment.
You are immune to petrification.


   Skills:
 - Level 3.2 Fighting
 + Level 4.0 Axes
 - Level 3.2 Armour
 - Level 3.2 Shields


You had 3 spell levels left.
You didn't know any spells.
Your spell library was empty.

Inventory:

Hand Weapons
 n - a +0 whip
 Y - a +0 war axe (weapon)
Missiles
 g - 3 boomerangs (quivered)
Armour
 b - a +0 scale mail (worn)
 c - a +0 buckler (worn)
Jewellery
 h - a ring of positive energy (left hand)
Scrolls
 j - 2 scrolls of teleportation
Potions
 d - a potion of might
 e - a potion of degeneration {unknown}
 f - 3 potions of curing

Dungeon Overview and Level Annotations

Branches:
Dungeon (3/15)

Altars:

Shops:
D:3 =


Message History

A gnoll comes into view. It is wielding a +0 whip.
The gnoll shouts!
A gnoll comes into view. It is wielding a +0 whip.
Found a stone staircase leading up.
The gnoll shouts!
The gnoll closely misses you. x2
You slash the gnoll!
You kill the gnoll!
The gnoll hits you from afar with a +0 spear!
You have reached level 4!
You feel clever. The gnoll hits you but does no damage.
You see here a +0 flail.
You closely miss the gnoll. You block the gnoll's attack.
You barely miss the gnoll. x2
The gnoll hits you from afar with a +0 spear.
The gnoll closely misses you. x2
You barely miss the gnoll. You slash the gnoll! You block the gnoll's attack.
The gnoll hits you but does no damage. You block the gnoll's attack.
You hit the gnoll.
The gnoll is almost dead.
You hit the gnoll. The gnoll closely misses you. The gnoll barely misses you.
The gnoll hits you but does no damage. The gnoll hits you with a +0 whip. x2
You hit the gnoll.
You kill the gnoll!
You hit the gnoll. The gnoll hits you but does no damage.
You block the gnoll's attack.
Your Axes skill increases to level 4!
You hit the gnoll.
The gnoll is severely wounded.
The gnoll hits you from afar with a +0 spear!
The gnoll hits you with a +0 whip. The gnoll hits you but does no damage.
The gnoll hits you from afar with a +0 spear.
1553 ||| READING 3 scrolls of teleportation.
As you read the scroll of teleportation, it crumbles to dust.
You feel strangely unstable. The gnoll hits you with a +0 whip.
You die...

#. #. #. #.
###.######
#.#........#
#..........#
#...<..g@#
#.\......).....#
.........[.g#...<.#
####..........#...#
..........### ###
###........#
#........#
##########


You could see 2 gnolls.

Vanquished Creatures
  2 gnolls (D:3)
  2 dart slugs
  3 bats
  An endoplasm (D:1)
  2 giant cockroaches
  4 goblins
  2 hobgoblins (D:2)
  4 jackals (D:1)
  2 quokkas
  5 ball pythons
  A frilled lizard (D:2)
  10 kobolds
  6 rats
44 creatures vanquished.

Vanquished Creatures (others)
  11 plants (D:1)
11 creatures vanquished.

Grand Total: 55 creatures vanquished

Notes
Turn   | Place    | Note
-------+----------+-------------------------------------------
     0 | D:1      | qw the Gargoyle Fighter began the quest for the Orb.
     0 | D:1      | Reached XP level 1. HP: 14/14 MP: 1/1
     0 | D:1      | 0 ||| qw: Version: 0.2-a-17-g06abaee
     0 | D:1      | 0 ||| qw: Game counter: 2290
     0 | D:1      | 0 ||| qw: Always use a shield: true
     0 | D:1      | 0 ||| qw: God list: Okawaru
     0 | D:1      | 0 ||| qw: Allow faded altars: false
     0 | D:1      | 0 ||| qw: Do Orc after D:15 true
     0 | D:1      | 0 ||| qw: Do second Lair branch before Depths: true
     0 | D:1      | 0 ||| qw: Lair rune preference: random
     0 | D:1      | 0 ||| qw: Plans: Normal, Zot:1-4, God:TSO, Crypt, Tomb,
                  | Pan, Slime:5, Hells, Abyss, Orb
     0 | D:1      | 0 ||| PLANNING D:1-11
    61 | D:1      | Reached skill level 2 in Axes
   191 | D:1      | Reached XP level 2. HP: 11/19 MP: 2/2
   310 | D:1      | Found a faded altar of an unknown god.
   358 | D:1      | 358 ||| Stepping ~*~*~tactically~*~*~ (stealth).
   360 | D:1      | 360 ||| Stepping ~*~*~tactically~*~*~ (stealth).
   402 | D:1      | 402 ||| Stepping ~*~*~tactically~*~*~ (stealth).
   405 | D:1      | 405 ||| Stepping ~*~*~tactically~*~*~ (stealth).
   406 | D:1      | 406 ||| Stepping ~*~*~tactically~*~*~ (stealth).
   407 | D:1      | 407 ||| Stepping ~*~*~tactically~*~*~ (stealth).
   409 | D:1      | 409 ||| Stepping ~*~*~tactically~*~*~ (stealth).
   494 | D:1      | 494 ||| Stepping ~*~*~tactically~*~*~ (stealth).
   496 | D:1      | 496 ||| Stepping ~*~*~tactically~*~*~ (stealth).
   499 | D:1      | Reached skill level 3 in Axes
   507 | D:1      | Reached XP level 3. HP: 19/23 MP: 3/3
   526 | D:1      | 526 ||| Stepping ~*~*~tactically~*~*~ (stealth).
   604 | D:1      | 604 ||| DROPPING +0 club.
   982 | D:1      | 982 ||| READING scroll labelled DUAZOSSATEG.
   983 | D:1      | 983 ||| READING scroll labelled ATTIYD ZUCI.
   984 | D:1      | 984 ||| READING 2 scrolls labelled AHIWNOZEIN.
   987 | D:1      | 987 ||| READING scroll labelled QINIC HOZA.
   988 | D:1      | 988 ||| READING scroll labelled UMUDAU UWKE.
   989 | D:1      | 989 ||| DRINKING 4 lumpy orange potions.
  1006 | D:2      | 1006 ||| Stepping ~*~*~tactically~*~*~ (stealth).
  1517 | D:2      | 1517 ||| UPGRADING to ring of positive energy.
  1518 | D:2      | 1518 ||| READING scroll labelled MONONY QEAQIUT.
  1519 | D:2      | 1519 ||| READING scroll labelled VITHAPSASUZ.
  1540 | D:3      | Found Zuakkui's Jewellery Shoppe.
  1546 | D:3      | Reached XP level 4. HP: 20/28 MP: 4/4
  1552 | D:3      | Reached skill level 4 in Axes
  1552 | D:3      | HP: 7/28 [gnoll/+0 spear (7)]
  1552 | D:3      | HP: 3/28 [gnoll/+0 whip (4)]
  1552 | D:3      | HP: 1/28 [gnoll/+0 spear (2)]
  1553 | D:3      | 1553 ||| READING 3 scrolls of teleportation.
  1553 | D:3      | Slain by a gnoll

Levels and vault maps discovered:
D:1:      ebering_trefoil_twist, layout_loops_ring,
          shapermc_ecumenical_altar_starsandcircs,
          chequers_serial_rivers_large_b, lexackson_kobold_supper
D:2:      layout_basic
D:3:      layout_rooms, grunt_temple_overflow_bloody_war, serial_shops,
          nicolae_shop_bloodbath_and_beyond, shop, shop, shop, shop

Skill      XL: |  1  2  3  4 |
---------------+-------------+-----
Axes           | 2 3 4 |  4.0
Fighting       | |  3.2
Armour         | |  3.2
Shields        | |  3.2

Action                   |  1- 3 |  4- 6 || total
-------------------------+-------+-------++-------
Melee: War axe           |    89 |     6 ||    95
Throw: Boomerang         |    32 |       ||    32
  Use: Scroll            |     7 |     1 ||     8
       Potion            |     1 |       ||     1
Armor: Scale mail        |    52 |     5 ||    57
Dodge: Dodged            |    36 |     4 ||    40
Block: Buckler           |    19 |     4 ||    23

Table legend:
 A = Non-vault XP
 B = Vault XP
 C = Vault XP percentage of total XP
 D = Non-vault monster count
 E = Vault monster count
 F = Vault count percentage of total count
                 A         B        C        D         E       F
            +---------+---------+-------+---------+---------+-------
      Total |      88 |      12 |  12.0 |      36 |       8 |  18.2
            +---------+---------+-------+---------+---------+-------
        D:1 |      30 |      12 |  28.6 |      17 |       8 |  32.0
        D:2 |      30 |       0 |   0.0 |      17 |       0 |   0.0
        D:3 |      28 |       0 |   0.0 |       2 |       0 |   0.0
            +---------+---------+-------+---------+---------+-------
